 Dungeon Crawl Stone Soup version 0.30-a0-534-gdc55766716 (webtiles) character file.

Game seed: 12946668146768511532

1659 xzight the Conjurer (level 8, 0/46 HPs)
             Began as a Deep Elf Fire Elementalist on Dec 24, 2022.
             Was a Follower of Ashenzari.
             Slain by an unseen horror (10 damage)
             ... on level 7 of the Dungeon.
             The game lasted 00:16:04 (8226 turns).

xzight the Conjurer (Deep Elf Fire Elementalist)    Turns: 8226, Time: 00:16:05

Health: 0/46       AC:  4    Str:  5    XL:     8   Next: 68%
Magic:  19/19      EV: 13    Int: 29    God:    Ashenzari [*.....]
Gold:   318        SH:  5    Dex: 15    Spells: 16/19 levels left

rFire   . . .      SeeInvis .    j - +2 dagger (speed)
rCold   . . .      Faith    .    v - +0 buckler
rNeg    . . .      Spirit   .    d - +0 leather armour "Shattered Together" {Range, Fort} (curse)
rPois   .          Reflect  .    c - +0 helmet "Celestial Ennui" {Range, Cun} (curse)
rElec   .          Harm     .    (no cloak)
rCorr   .          Rampage  .    (no gloves)
Will    +....                    (no boots)
Stlth   ++                       A - amulet of magic regeneration
HPRegen 0.27/turn                I - +6 ring of intelligence
MPRegen 0.56/turn                W - ring of willpower

@: no status effects
A: no striking features
a: Renounce Religion, Shatter the Chains


You were on level 7 of the Dungeon.
You worshipped Ashenzari.
Ashenzari was aware of your devotion.
You visited 1 branch of the dungeon, and saw 7 of its levels.

You collected 318 gold pieces.


   Skills:
 + Level 3.3 Fighting
 + Level 5.4(6.2) Dodging
 - Level 2.4(3.1) Stealth
 + Level 2.4(3.1) Shields
 + Level 6.2 Spellcasting
 * Level 6.7 Conjurations
 - Level 6.0 Fire Magic


You had 16 spell levels left.
You knew the following spells:

 Your Spells              Type           Power      Damage    Failure   Level
a - Foxfire               Conj/Fire      100%       2x1d9     1%          1
b - Scorch                Fire           86%        2d9       1%          2

Your spell library contained the following spells:

 Spells                   Type           Power      Damage    Failure   Level
 Flame Wave               Conj/Fire      45%        2d12      9%          4
 Inner Flame              Hex/Fire       26%        N/A       11%         3
 Kindle Blastsparks       Fire/Tloc/Air  40%        2d13      16%         3

Inventory:

Hand Weapons
 g - a +0 quarterstaff
 j - a +2 dagger of speed (weapon)
Missiles
 i - 6 boomerangs
Armour
 c - the cursed +0 helmet "Celestial Ennui" (worn) {Range, Cun}
   (You took it off Robin on level 2 of the Dungeon)

   It has a curse which improves the following skills: Ranged Combat: Ranged
   Weapons and Throwing.
   Cunning:   Dodging and Stealth.
 d - the cursed +0 leather armour "Shattered Together" (worn) {Range, Fort}
   (You found it on level 3 of the Dungeon)

   It has a curse which improves the following skills: Ranged Combat: Ranged
   Weapons and Throwing.
   Fortitude: Armour and Shields.
 n - an orb of guile
 v - a +0 buckler (worn)
Jewellery
 A - an amulet of magic regeneration (around neck)
 I - a +6 ring of intelligence (left hand)
 W - a ring of willpower (right hand)
Wands
 D - a wand of mindburst (4)
Scrolls
 e - a scroll of noise
 f - 3 scrolls of enchant armour
 h - a scroll of brand weapon
 m - a scroll of amnesia
 p - a scroll of vulnerability
 q - 2 scrolls of poison
 r - a scroll of torment
 s - 5 scrolls of teleportation {@r2}
 u - 3 scrolls of identify {@r1}
 y - a scroll of enchant weapon
 C - a scroll of butterflies
Potions
 a - 6 potions of heal wounds {@q2}
 b - a potion of magic
 k - 2 potions of might
 l - a potion of attraction
 o - a potion of flight
 t - a potion of ambrosia
 w - a potion of berserk rage {!q}
 x - a potion of cancellation
 z - 2 potions of degeneration
 B - a potion of curing {@q1}

Dungeon Overview and Level Annotations

Branches:
Dungeon (7/15)             Temple (0/1) D:6

Altars:
Ashenzari
Dithmenos
Kikubaaqudgha
Okawaru
Ru
Uskayaw
Xom
Yredelemnul
Zin

Shops:
D:5 *

Annotations:
D:4 exclusion: ogre, Natasha
D:7 3 runed translucent doors, upjump's ghost, novice MiFi

#.##.##.##........##.#.#
#.......#####.###..<)..#
#.............######.###
#)##..#.##...........#
#.##..#.##..#.#.###..# ##
#)##.....#..#.#.###..#####
ยงยง..####.###.#..........##.....>.
#......###.#F##..#.#......###..
#.###........{@..#........###..
#.#########......####.##... #.#
####.### #.##.#. #.# ##.## #......
#.# #...# ####.#. #.# #...# #.#.
............# #...# #...
.........#..# #####...##### #...
.......... .###...........####...


You could see a bullfrog.


Message History

You conjure some foxfire!
The foxfire hits something.
Something barely misses you.
The foxfire hits something but does no damage.
Unknown command.
Your foxfire dissipates!
Something hits you. x2
* * * LOW HITPOINT WARNING * * *
Casting: Foxfire (safe; 1% risk of failure)
Confirm with . or Enter, or press ? or * to list all spells.
You miscast Scorch.
You are very lightly contaminated with residual magic.
Nothing appears to happen.
Something hits you.
* * * LOW HITPOINT WARNING * * *
The bullfrog closely misses you.
The bullfrog hits you but does no damage.
You block the bullfrog's attack.
Your magical contamination has completely faded away.
The bullfrog attacks as you move away! The bullfrog barely misses you.
The bullfrog hits you.
* * * LOW HITPOINT WARNING * * *
Something hits you but does no damage. Something hits you.
* * * LOW HITPOINT WARNING * * *
Something hits you but does no damage. Something hits you.
* * * LOW HITPOINT WARNING * * *
The bullfrog attacks as you move away! The bullfrog misses you.
Something hits you.
* * * LOW HITPOINT WARNING * * *
Something hits you!
You die...

Skill      XL: |  1  2  3  4  5  6  7  8 |
---------------+-------------------------+-----
Conjurations   | 2 3 4 5 6 |  6.7
Fighting       | 1 2 3 |  3.3
Fire Magic     | 4 5 6 |  6.0
Dodging        | 3 4 5 |  5.4
Spellcasting   | 4 5 6 |  6.2
Shields        | 1 2 |  2.4
Stealth        | |  2.4

Action                   |  1- 3 |  4- 6 |  7- 9 || total
-------------------------+-------+-------+-------++-------
Melee: Dagger            |     1 |    21 |       ||    22
 Cast: Foxfire           |    87 |   147 |   109 ||   343
       Scorch            |     5 |    32 |    35 ||    72
Invok: Curse Item        |       |       |     2 ||     2
  Use: Scroll            |       |     8 |       ||     8
       Potion            |       |     2 |       ||     2
Armor: Skin              |       |    34 |       ||    34
       Robe              |       |     5 |       ||     5
       Leather armour    |       |       |     5 ||     5
Dodge: Dodged            |     5 |    14 |     9 ||    28
Block: Buckler           |       |       |     4 ||     4

Levels and vault maps discovered:
D:1:      dpeg_arrival_radiant, layout_basic
D:2:      layout_basic, uniq_jessica, uniq_robin
D:3:      layout_loops_cross
D:4:      layout_cave_pods, nicolae_uskayaw_murder_on_the_dancefloor,
          minmay_misc_feat_plants, uniq_natasha
D:5:      layout_basic, grunt_temple_overflow_open, serial_shops,
          nicolae_stop_n_shop_2, kennysheep_doodads, uniq_blork_the_orc
D:6:      layout_rooms, lemuel_temple_firewalk_b, minmay_misc_feat_rows
D:7:      layout_loops_cross, gammafunk_ghost_nasty_kobolds,
          lemuel_flamethrower_2

Notes
Turn   | Place    | Note
-------+----------+-------------------------------------------
     0 | D:1      | xzight the Deep Elf Fire Elementalist began the quest for
                  | the Orb.
     0 | D:1      | Reached XP level 1. HP: 10/10 MP: 6/6
   260 | D:1      | Reached XP level 2. HP: 15/15 MP: 4/8
   263 | D:1      | Learned a level 2 spell: Scorch
   692 | D:1      | Reached skill level 2 in Conjurations
   989 | D:1      | Reached XP level 3. HP: 20/20 MP: 6/9
  1653 | D:2      | Noticed Jessica
  1655 | D:2      | Killed Jessica
  1656 | D:2      | Reached skill level 1 in Fighting
  1656 | D:2      | Reached skill level 4 in Fire Magic
  1656 | D:2      | Reached XP level 4. HP: 25/25 MP: 7/11
  1943 | D:2      | Noticed Robin
  1963 | D:2      | Identified a potion of resistance
  1972 | D:2      | Killed Robin
  1973 | D:2      | Reached skill level 3 in Dodging
  2001 | D:2      | HP: 1/25 [goblin/+0 dagger[Robin] (4)]
  2796 | D:2      | Reached skill level 3 in Conjurations
  3232 | D:3      | Reached XP level 5. HP: 29/29 MP: 8/12
  3834 | D:4      | Reached skill level 4 in Spellcasting
  4159 | D:4      | Found a hide-covered altar of Uskayaw.
  4453 | D:4      | Noticed Natasha
  4453 | D:4      | Noticed an ogre
  4593 | D:4      | Reached XP level 6. HP: 25/34 MP: 8/14
  5396 | D:5      | Entered Level 5 of the Dungeon
  5409 | D:5      | Noticed a water moccasin
  5414 | D:5      | Killed a water moccasin
  5415 | D:5      | Reached skill level 4 in Conjurations
  5415 | D:5      | Reached skill level 5 in Fire Magic
  5563 | D:5      | Reached skill level 2 in Fighting
  5646 | D:5      | Noticed Blork the orc
  5653 | D:5      | Killed Blork the orc
  5654 | D:5      | Reached skill level 4 in Dodging
  5654 | D:5      | Reached XP level 7. HP: 40/40 MP: 8/16
  5720 | D:5      | Found Inoofut's General Store.
  5735 | D:5      | Found a glowing silver altar of Zin.
  5736 | D:5      | Found a broken altar of Ashenzari.
  5736 | D:5      | Found a sacrificial altar of Ru.
  5736 | D:5      | Found a shadowy altar of Dithmenos.
  5738 | D:5      | Found a shimmering altar of Xom.
  5738 | D:5      | Found an iron altar of Okawaru.
  5738 | D:5      | Found a basalt altar of Yredelemnul.
  5739 | D:5      | Found an ancient bone altar of Kikubaaqudgha.
  5742 | D:5      | Became a worshipper of Ashenzari the Shackled
  6642 | D:6      | Reached skill level 1 in Shields
  6717 | D:6      | Reached skill level 5 in Spellcasting
  6720 | D:6      | Reached skill level 5 in Conjurations
  6862 | D:6      | Reached skill level 6 in Fire Magic
  6940 | D:6      | Reached XP level 8. HP: 45/45 MP: 8/18
  7246 | D:6      | Reached * piety under Ashenzari
  7349 | D:6      | Found a staircase to the Ecumenical Temple.
  7689 | D:7      | Reached skill level 6 in Conjurations
  7827 | D:7      | Found a runed translucent gate.
  7828 | D:7      | Found a runed translucent gate.
  7828 | D:7      | Noticed a kobold demonologist
  7829 | D:7      | Found a runed translucent gate.
  7829 | D:7      | Noticed upjump's ghost (novice MiFi)
  7913 | D:7      | Reached skill level 3 in Fighting
  7913 | D:7      | Reached skill level 5 in Dodging
  7913 | D:7      | Reached skill level 2 in Shields
  8160 | D:7      | Reached skill level 6 in Spellcasting
  8226 | D:7      | Slain by an unseen horror

Vanquished Creatures
  A water moccasin (D:5)
  A black bear (D:6)
  An ice beast (D:7)
  An ogre (D:6)
  A centaur (D:7)
  A phantom (D:6)
  Blork the orc (D:5)
  2 necrophages (D:6)
  A gnoll sergeant (D:7)
  A scorpion (D:5)
  4 wights (D:7)
  A howler monkey (D:5)
  An orc priest (D:4)
  A jelly (D:3)
  2 hounds
  Jessica (D:2)
  2 iguanas
  5 orc wizards
  Robin (D:2)
  4 gnolls (D:7)
  3 adders
  4 white imps
  3 ufetubi
  A worm (D:4)
  5 dart slugs
  19 orcs
  4 bats
  9 endoplasms
  4 giant cockroaches
  16 goblins
  13 hobgoblins
  8 jackals
  4 quokkas
  4 ball pythons
  2 frilled lizards
  6 kobolds
  6 rats
144 creatures vanquished.

Vanquished Creatures (others)
  552 foxfires
552 creatures vanquished.

Grand Total: 696 creatures vanquished

Table legend: (Time is in decaauts)
 A = Elapsed time spent in this place.
 B = Non-inter-level travel time spent in this place.
 C = Inter-level travel time spent in this place.
 D = Time resting spent in this place.
 E = Time spent auto-exploring this place.
 F = Levels seen in this place.
 G = Mean time per level.
                   A        B        C        D        E       F      G
               +--------+--------+--------+--------+--------+-----+--------+
         Total |   8217 |   7996 |    221 |   1504 |   5423 |   7 | 1173.9 |
       Dungeon |   8217 |   7996 |    221 |   1504 |   5423 |   7 | 1173.9 |
               +--------+--------+--------+--------+--------+-----+--------+

Top non-repeatable levels by time:
     D:2: 1578 daAuts
     D:4: 1513 daAuts
     D:1: 1321 daAuts
     D:5: 1315 daAuts
     D:3: 973 daAuts
     D:6: 916 daAuts
     D:7: 598 daAuts

Table legend:
 A = Non-vault XP
 B = Vault XP
 C = Vault XP percentage of total XP
 D = Non-vault monster count
 E = Vault monster count
 F = Vault count percentage of total count
                 A         B        C        D         E       F
            +---------+---------+-------+---------+---------+-------
      Total |    2204 |     166 |   7.0 |     129 |      15 |  10.4
            +---------+---------+-------+---------+---------+-------
        D:1 |      44 |       0 |   0.0 |      22 |       0 |   0.0
        D:2 |      51 |      75 |  59.5 |      23 |      14 |  37.8
        D:3 |      78 |       0 |   0.0 |      18 |       0 |   0.0
        D:4 |     177 |       0 |   0.0 |      22 |       0 |   0.0
        D:5 |     399 |      91 |  18.6 |      12 |       1 |   7.7
        D:6 |     695 |       0 |   0.0 |      13 |       0 |   0.0
        D:7 |     760 |       0 |   0.0 |      19 |       0 |   0.0
            +---------+---------+-------+---------+---------+-------
